Cogmind - Beta 15 @@@ ROGUE MODE // 2025.07.27 @ 00:21:37 Player: LameThyst Result: Destroyed by G-67 Veteran with Plasma Rifle Performance ------------- Evolutions (5) 2500 Regions Visited (7) 1400 Robots Destroyed (64) 320 Value Destroyed (2336) 2336 Prototype IDs (13) 260 Alien Tech Used (0) 0 Bonus (27) 27 TOTAL SCORE: 6843 Bonus ------- High Alert Combat Kills 27 Cogmind --------- Core Integrity 0/1000 Matter 11/300 Energy 97/100 System Corruption 10% Temperature Cool (0) Movement Core (100) Ox1 Location -5/Factory Parts ------- > --- POWER (2) -------- (None) > --- PROPULSION (6) --- (None) > --- UTILITY (5) ------ (None) > --- WEAPON (4) ------- Wave Gun > --- INVENTORY (5) ---- Actuator Array Peak State ------------ > --- POWER ------------ F-cell Engine > --- PROPULSION ------- Flexi-carbon Leg Flexi-carbon Leg Flexi-carbon Leg Cooled Cesium-ion Thruster > --- UTILITY ---------- Improved Cooling System Experimental Optical Array Improved Signal Interpreter Targeting Computer Improved Propulsion Shielding > --- WEAPON ----------- Heavy Particle Gun Phase Cannon Gauss Rifle Gauss Rifle > --- INVENTORY -------- Actuator Array Heavy Shock Bomb Launcher Heavy Missile Launcher [Rating: 64] Favorites ----------- Power Micro Nuclear Core Engine Ion Engine Power Core Micro Nuclear Core Propulsion Aerolev Unit Leg Aluminum Leg Hover Unit Aerolev Unit Flight Unit Cooled Cesium-ion Thruster Utility Small Storage Unit Device Microactuators Storage Small Storage Unit Processor Experimental Optical Array Protection Hardened Medium Armor Plating Weapon Shock Maul Energy Gun Improved Medium Laser Energy Cannon Phase Cannon Ballistic Gun Enhanced Autogun Launcher Rocket Launcher Special Weapon Mining Laser Impact Weapon Shock Maul Slashing Weapon Segregator Piercing Weapon Heavy Pick Build | -11 -10 -9 -8 -8 -7 -6 -5 ------- Run | Yrd Mat Mat Mat Sto Fac Fac Fac Slots Evolved 10 | . . 2 2 . 2 2 2 Power 1 | . . . . . . 1 . Propulsion 4 | . . 1 1 . 1 1 . Utility 3 | . . 1 . . 1 . 1 Weapon 2 | . . . 1 . . . 1 Parts Attached 74 | 8 7 8 2 14 10 8 17 Power 8 | 1 1 1 . . 2 3 . Engine 5 | 1 1 1 . . . 2 . Core 3 | . . . . . 2 1 . Reactor . | . . . . . . . . Propulsion 23 | 2 1 4 1 6 2 1 6 Treads . | . . . . . . . . Leg 12 | 2 1 3 1 . . 1 4 Wheel . | . . . . . . . . Hover 9 | . . 1 . 6 2 . . Flight 2 | . . . . . . . 2 Utility 14 | 2 1 1 1 1 3 2 3 Device 6 | 1 . 1 1 . 2 1 . Storage 1 | 1 . . . . . . . Processor 3 | . . . . . . 1 2 Hackware . | . . . . . . . . Protection 4 | . 1 . . 1 1 . 1 Artifact . | . . . . . . . . Weapon 29 | 3 4 2 . 7 3 2 8 Energy Gun 8 | 2 3 . . 2 . . 1 Energy Cannon 1 | . . . . . . . 1 Ballistic Gun 9 | 1 . . . 3 2 1 2 Ballistic Cannon . | . . . . . . . . Launcher 5 | . . 1 . 1 . . 3 Special Weapon 1 | . 1 . . . . . . Impact Weapon 3 | . . 1 . 1 1 . . Slashing Weapon 1 | . . . . . . . 1 Piercing Weapon 1 | . . . . . . 1 . Special Melee Weapon . | . . . . . . . . Unidentified Prototypes 10 | . 1 . . 6 . 2 1 Parts Lost 38 | . 1 3 . . 5 9 20 Power 3 | . . . . . . 2 1 Propulsion 14 | . . 1 . . 4 3 6 Utility 9 | . . 1 . . 1 2 5 Weapon 12 | . 1 1 . . . 2 8 Highest Loss Streak 9 | . 1 2 . . 2 4 9 To Critical Strikes . | . . . . . . . . Average Backups 5 | 2 7 7 6 7 7 5 2 Power . | . 1 1 1 1 1 . . Propulsion . | . 1 1 . 1 . . . Utility 2 | . 2 2 2 2 2 2 1 Weapon 2 | 1 2 3 2 2 2 2 1 Tool/Special . | . . . . . . . . Unused Backups 8 | . 1 2 2 2 1 . . Power 1 | . . . . . 1 . . Propulsion 3 | . 1 1 . 1 . . . Utility 2 | . . . 2 . . . . Weapon 2 | . . 1 . 1 . . . Tool/Special . | . . . . . . . . Average Slot Usage (%) 75 | . 99 93 96 99 93 61 46 Engine 6 | . 14 11 9 9 . 3 3 Core 2 | . . . . . 6 6 . Leg 10 | . 28 22 34 7 . 3 5 Hover 8 | . . 6 . 28 32 5 . Device 11 | . 10 11 18 15 17 18 3 Storage 5 | . 14 11 9 9 7 1 . Processor 3 | . . . . . . 3 11 Protection 3 | . 3 10 . 2 4 . 3 Energy Gun 6 | . 16 18 15 12 . . . Ballistic Gun 4 | . 9 . . 7 11 3 . Launcher 1 | . . . 1 . . . 4 Impact Weapon 5 | . . 1 9 7 10 11 2 Peak Build Rating 64 | 7 12 21 28 40 49 48 64 Average Rating 30 | 5 8 15 26 33 44 38 38 On Entrance 21 | . 7 11 21 27 40 37 28 Naked Turns 35 | . . . . . . . 35 Heaviest Build 39 | 15 21 24 21 24 32 39 35 Greatest Support 75 | 20 20 36 48 48 40 20 75 Greatest Overweight (x) 10 | . 1 2 . 2 1 10 9 Average Overweight (x) . | . . . . . . 1 1 Largest Inventory Capacity 8 | 8 8 8 8 8 8 8 5 Average Capacity 6 | 7 8 8 8 8 8 5 5 Most Carried 8 | 4 8 8 7 8 8 8 5 Average Carried 5 | 2 7 7 5 7 7 5 2 Final Capacity 8 | 8 8 8 8 8 8 5 5 Final Carried 8 | 4 8 8 5 8 7 5 1 Class Distribution -------------------- 66% | Mutant 22% | Gladiator 4% | Scavenger-Gunner 3% | Scavenger-Mutant Dominant Class ---------------- Mutant | -10/Materials Mutant | -9/Materials Mutant | -8/Materials Mutant | -8/Storage Mutant | -7/Factory Gladiator | -6/Factory Mutant | -5/Factory Resources | -11 -10 -9 -8 -8 -7 -6 -5 ----------- Run | Yrd Mat Mat Mat Sto Fac Fac Fac Matter Collected 1289 | 307 84 106 . 352 194 90 156 Remotely . | . . . . . . . . Salvage Created 2569 | 140 212 138 . 552 504 742 281 Parts 86 | 8 13 9 . 29 7 6 14 Haulers Intercepted 2 | . . . . 2 . . . Recyclers Shooed 2 | 1 . . . . . 1 . Parts Field Recycled . | . . . . . . . . Retrieved Matter . | . . . . . . . . Parts Self-Destructed . | . . . . . . . . Prevented . | . . . . . . . . Kills | -11 -10 -9 -8 -8 -7 -6 -5 ------- Run | Yrd Mat Mat Mat Sto Fac Fac Fac Combat Hostiles Destroyed 48 | . 5 7 . 11 9 6 10 Melee 9 | . . 1 . 2 2 4 . Guns 16 | . 5 . . 8 1 . 2 AOE 12 | . . 4 . . . . 8 Classes Destroyed 15 | 2 2 2 . 2 4 1 2 Worker 2 | . . . . . 2 . . Builder 4 | . 1 . . 1 . 1 1 Tunneler 2 | 2 . . . . . . . Hauler 2 | . . . . 2 . . . Recycler 4 | 1 . . . . . 3 . Operator 1 | . . . . . 1 . . Watcher 1 | . . . . 1 . . . Swarmer 8 | . . 4 . 4 . . . Saboteur 1 | . . . . . . . 1 Grunt 20 | . 5 2 . 3 3 3 4 Brawler 2 | . . . . . 1 . 1 Duelist 2 | . . . . . . . 2 Sentry 9 | . . 1 . 4 3 1 . Hunter 4 | . . . . . 2 . 2 Programmer 2 | . . . . . . 2 . Best Kill Streak 9 | 2 2 6 . 9 3 3 5 Combat Bots Only 7 | . 2 6 . 7 3 2 5 Max Kills in Single Turn 3 | 1 1 3 . 2 1 1 3 Gunslinging 1 | . . . . 1 . . . Exploded 3 | . . 3 . . . . 3 Melee 1 | . . 1 . 1 1 1 . Uniques/NPCs Destroyed . | . . . . . . . . Combat | -11 -10 -9 -8 -8 -7 -6 -5 -------- Run | Yrd Mat Mat Mat Sto Fac Fac Fac Hostile Shots Fired 573 | . 51 83 . 30 165 103 141 Missed 212 | . 15 30 . 9 79 29 50 Hits 361 | . 36 53 . 21 86 74 91 Melee 6 | . . . . . 3 . 3 Projectile 355 | . 36 53 . 21 83 74 88 AOE 1 | . . . . . . . 1 Critical Strikes 8 | . . 2 . . 1 2 3 Damage Taken 6555 | . 467 646 . 266 998 1211 2967 Core 1734 | . 92 62 . 15 108 457 1000 Absorbed by Shields . | . . . . . . . . Redirected to Shielding 113 | . . . . . . . 113 Core Remaining (%) 79 | 100 63 84 . 97 84 46 . Volleys Fired 83 | 9 22 5 . 17 2 . 28 Largest 3 | 2 2 2 . 3 2 . 2 Hottest 112 | 70 112 112 . 103 48 . 85 Shots Fired 147 | 18 39 8 . 45 4 . 33 Gun 125 | 18 37 6 . 45 4 . 15 Cannon . | . . . . . . . . Launcher 20 | . . 2 . . . . 18 Special 2 | . 2 . . . . . . Kinetic 58 | 9 13 . . 28 4 . 4 Thermal 69 | 9 26 6 . 17 . . 11 Explosive 19 | . . 2 . . . . 17 Electromagnetic 1 | . . . . . . . 1 Robot Hit Streak 17 | 8 17 12 . 17 5 . 17 Robot Miss Streak 2 | 1 2 . . 2 . . 2 Penetration Max . | . . . . . . . . Secondary Targets 3 | . 2 . . 1 . . . Max Gunslinging Chain 1 | . 1 . . 1 . . . Shots Hit Robots 167 | 12 26 11 . 39 29 23 27 Core Hits 77 | 4 10 8 . 17 3 5 30 Critical Kills 2 | . . . . 1 . 1 . Critical Parts Destroyed 22 | . . . . 3 9 9 1 Critical Strikes 28 | 1 . 2 . 5 9 10 1 Burn 4 | 1 . 2 . 1 . . . Smash 24 | . . . . 4 9 10 1 Melee Attacks 105 | . . 9 1 8 51 33 3 Thermal 2 | . . . . . . . 2 Impact 99 | . . 9 1 8 51 29 1 Slashing . | . . . . . . . . Piercing 4 | . . . . . . 4 . Sneak Attacks 9 | . . . . 1 2 5 1 Combat Hostiles 2 | . . . . 1 . 1 . Follow-up Attacks 7 | . . . . . 4 3 . Damage Inflicted 7359 | 144 403 694 . 855 1492 1413 2358 Guns 1478 | 144 403 99 . 563 48 . 221 Cannons . | . . . . . . . . Explosions 2369 | . . 371 . . . . 1998 Melee 3512 | . . 224 . 292 1444 1413 139 Ramming . | . . . . . . . . Kinetic 587 | 45 139 . . 289 48 . 66 Thermal 1227 | 99 264 99 . 274 . . 491 Explosive 2007 | . . 371 . . . . 1636 Electromagnetic 26 | . . . . . . . 26 Impact 3445 | . . 224 . 292 1444 1346 139 Slashing . | . . . . . . . . Piercing 67 | . . . . . . 67 . Highest Corruption 10 | . . . . . . 1 10 Average Corruption 2 | . . . . . . 1 6 Corruption Purged . | . . . . . . . . Corruption Blocked . | . . . . . . . . Effects 7 | . . . . . . 3 4 Message Errors 2 | . . . . . . 1 1 Matter Fused 4 | . . . . . . 1 3 Data Loss (minor) 1 | . . . . . . 1 . Overload Shots . | . . . . . . . . Overflow Damage 2159 | . . 39 . 174 787 839 320 Projectiles . | . . . . . . . . Explosions 197 | . . 16 . . . . 181 Melee 1962 | . . 23 . 174 787 839 139 Knockbacks 12 | . . 2 . . 2 8 . Impact 12 | . . 2 . . 2 8 . Kinetic . | . . . . . . . . Secondary . | . . . . . . . . Self-Inflicted Damage 810 | . . 65 . . . . 745 Shots 15 | . . 2 . . . . 13 Rammed . | . . . . . . . . Targets Rammed . | . . . . . . . . Kicked . | . . . . . . . . Crushed . | . . . . . . . . Highest Temperature 268 | 63 268 24 . 131 21 22 12 Average Temperature 77 | 27 114 11 . 48 7 13 12 Received Heat Transfer 1530 | . 255 306 . 72 252 420 225 Effects 1 | . 1 . . . . . . Interference 1 | . 1 . . . . . . Siege Activations . | . . . . . . . . Martial Activations . | . . . . . . . . Shielding Activations . | . . . . . . . . Robots Disrupted 1 | . . . . . . 1 . Combat Hostiles 1 | . . . . . . 1 . Robots Corrupted 14 | . . 1 . 2 6 5 . Combat Hostiles 10 | . . 1 . 1 6 2 . Parts Fried 25 | . . . . 2 7 14 2 Impact Corruptions 55 | . . 2 . 5 20 24 4 Robots Melted 1 | . . 1 . . . . . Combat Hostiles 1 | . . 1 . . . . . Parts Melted 3 | . . 3 . . . . . Heat Transferred 2457 | 370 592 370 . 629 . . 496 Parts Sabotaged 4 | . . . . . . . 4 Parts Stolen . | . . . . . . . . Parts Stripped . | . . . . . . . . Power Chain Reactions . | . . . . . . . . Alert | -11 -10 -9 -8 -8 -7 -6 -5 ------- Run | Yrd Mat Mat Mat Sto Fac Fac Fac Maximum Alert Level 2 | . . . . 1 1 . 2 Low Security (%) 85 | 100 100 100 100 75 49 100 77 Level 1 13 | . . . . 24 50 . 20 Level 2 . | . . . . . . . 2 Level 3 . | . . . . . . . . Level 4 . | . . . . . . . . Level 5 . | . . . . . . . . High Security . | . . . . . . . . Max Security . | . . . . . . . . Peak Influence 412 | 10 45 135 68 286 235 96 412 Initial 96 | . . 15 53 20 59 96 . Average 59 | 1 9 10 55 108 168 24 79 Influence Increases 1953 | 15 153 198 15 381 403 197 591 Destroy 0b10 Robot/C 960 | . 100 140 . 220 180 120 200 Destroy 0b10 Robot/NC 80 | 15 5 . . 20 15 20 5 Destroy Leader 266 | . 30 30 . 76 60 40 30 Successful Hack 21 | . 2 . . 19 . . . Select Force Hacks 30 | . . . . . 30 . . Disable Machine 150 | . 15 . 15 15 30 15 60 Anti-Garrison Action 150 | . . . . . . . 150 Destroy Structure 176 | . 1 13 . 1 13 2 146 Partial Spotted 30 | . . . . 15 15 . . Lose Combat Pursuer 90 | . . 15 . 15 60 . . Influence Decreases 1665 | 15 116 108 94 298 336 395 303 Entered New Map 298 | . . 22 74 28 72 102 . Time Decay 897 | 15 106 76 20 120 214 223 123 Lost Part 320 | . 10 10 . . 50 70 180 Purge Threat 150 | . . . . 150 . . . Squads Dispatched 14 | . 3 1 . 1 3 2 4 Investigation 4 | . 1 . . . 2 1 . Extermination 2 | . . . . . . 1 1 Reinforcement 6 | . 2 1 . 1 1 . 1 Assault 2 | . . . . . . . 2 Garrison . | . . . . . . . . Intercept . | . . . . . . . . Searches Triggered . | . . . . . . . . Construction Impeded . | . . . . . . . . Haulers Reinforced . | . . . . . . . . Active Scanning Responses . | . . . . . . . . Cargo Convoy Interrupts . | . . . . . . . . Stealth | -11 -10 -9 -8 -8 -7 -6 -5 --------- Run | Yrd Mat Mat Mat Sto Fac Fac Fac Distress Signals 5 | . . 2 1 . 2 . . Communications Jammed . | . . . . . . . . Distress Signals . | . . . . . . . . Times Spotted 89 | . 12 12 2 15 19 8 21 Peak Tracking Total 7 | . 5 5 2 6 5 3 7 Tactical Retreats 5 | . . 1 . 1 3 . . Traps | -11 -10 -9 -8 -8 -7 -6 -5 ------- Run | Yrd Mat Mat Mat Sto Fac Fac Fac Traps Triggered 7 | . 1 . . 2 2 1 1 Indirectly . | . . . . . . . . Trap Hack Attempts . | . . . . . . . . Triggered . | . . . . . . . . Disarmed . | . . . . . . . . Reprogrammed . | . . . . . . . . Reused . | . . . . . . . . Traps Extracted . | . . . . . . . . Installed . | . . . . . . . . Triggered . | . . . . . . . . Machines | -11 -10 -9 -8 -8 -7 -6 -5 ---------- Run | Yrd Mat Mat Mat Sto Fac Fac Fac Machines Disabled 11 | . 1 . 1 1 2 1 5 Max in Single Turn 5 | . 1 . 1 1 1 1 5 Garrison Access 1 | . . . . . . . 1 Machines Repaired . | . . . . . . . . Machines Dismantled . | . . . . . . . . Machines Sabotaged . | . . . . . . . . Overloaded Fab Kills . | . . . . . . . . Hacking | -11 -10 -9 -8 -8 -7 -6 -5 --------- Run | Yrd Mat Mat Mat Sto Fac Fac Fac Machines Accessed 10 | . 2 . . 5 2 1 . Terminals 7 | . 1 . . 5 . 1 . Fabricators . | . . . . . . . . Repair Stations . | . . . . . . . . Recycling Units 2 | . 1 . . . 1 . . Scanalyzers . | . . . . . . . . Garrison Access 1 | . . . . . 1 . . Total Hacks 30 | . 8 . . 13 6 3 . Successful 11 | . 5 . . 5 1 . . Failed 19 | . 3 . . 8 5 3 . Catastrophic 2 | . . . . 1 . 1 . Database Lockouts . | . . . . . . . . Manual 14 | . 5 . . 3 3 3 . Terminals 21 | . 5 . . 13 . 3 . Fabricators . | . . . . . . . . Repair Stations . | . . . . . . . . Recycling Units 6 | . 3 . . . 3 . . Scanalyzers . | . . . . . . . . Garrison Access 3 | . . . . . 3 . . Terminal Hacks 6 | . 1 . . 5 . . . Prototype ID Bank 2 | . 1 . . 1 . . . Open Door 3 | . . . . 3 . . . Unreport Threat 1 | . . . . 1 . . . Fabricator Hacks . | . . . . . . . . Repair Station Hacks . | . . . . . . . . Recycling Unit Hacks . | . . . . . . . . Scanalyzer . | . . . . . . . . Garrison Access Hacks . | . . . . . . . . Unauthorized Hacks 5 | . 4 . . . 1 . . Terminals 2 | . 2 . . . . . . Botnet 1 | . 1 . . . . . . Skim 1 | . 1 . . . . . . Fabricators . | . . . . . . . . Repair Stations . | . . . . . . . . Recycling Units 3 | . 2 . . . 1 . . Reject 1 | . 1 . . . . . . Recyclers 1 | . 1 . . . . . . Tunnel 1 | . . . . . 1 . . Scanalyzers . | . . . . . . . . Garrison Access . | . . . . . . . . Data Cores Recovered . | . . . . . . . . Used . | . . . . . . . . Hacking Detections 7 | . 1 . . 3 2 1 . Full Trace Events 4 | . . . . 2 1 1 . Feedback Events . | . . . . . . . . Feedback Blocked . | . . . . . . . . Robot Schematics Acquired . | . . . . . . . . Robots Built . | . . . . . . . . Authchips . | . . . . . . . . Time . | . . . . . . . . Total Robot Build Rating . | . . . . . . . . Part Schematics Acquired . | . . . . . . . . Parts Built . | . . . . . . . . Authchips . | . . . . . . . . Time . | . . . . . . . . Total Part Build Rating . | . . . . . . . . Parts Repaired . | . . . . . . . . Time . | . . . . . . . . Parts Recycled . | . . . . . . . . Recycled Matter . | . . . . . . . . Retrieved Matter . | . . . . . . . . Retrieved Components . | . . . . . . . . Parts Scanalyzed . | . . . . . . . . Part Schematics Acquired . | . . . . . . . . Parts Damaged . | . . . . . . . . Bothacking | -11 -10 -9 -8 -8 -7 -6 -5 ------------ Run | Yrd Mat Mat Mat Sto Fac Fac Fac Used RIF Installer . | . . . . . . . . Robots Hacked . | . . . . . . . . Non-combat . | . . . . . . . . Combat . | . . . . . . . . Robot Hacks Applied . | . . . . . . . . Relay Couplers Released 5 | . . . . . . 3 2 Machine Destruction 2 | . . . . . . . 2 Programmers 3 | . . . . . . 3 . Fabnet Peak Effective % . | . . . . . . . . Robots Rewired . | . . . . . . . . Allies Hacked . | . . . . . . . . Hacks Repelled . | . . . . . . . . Allies | -11 -10 -9 -8 -8 -7 -6 -5 -------- Run | Yrd Mat Mat Mat Sto Fac Fac Fac Total Allies . | . . . . . . . . Largest Group . | . . . . . . . . Highest-Rated Group . | . . . . . . . . Highest-Rated Ally . | . . . . . . . . Total Orders . | . . . . . . . . Ally Attacks . | . . . . . . . . Total Damage . | . . . . . . . . Kills . | . . . . . . . . Allies Corrupted . | . . . . . . . . Allies Melted . | . . . . . . . . Intel | -11 -10 -9 -8 -8 -7 -6 -5 ------- Run | Yrd Mat Mat Mat Sto Fac Fac Fac Active Infowar (turns) 2601 | 70 323 36 42 195 443 686 806 Optics 1182 | . . . . . . 376 806 Sensors 232 | . . . 15 195 22 . . Seismic 1527 | 70 323 36 40 193 442 423 . Robot Analysis Total . | . . . . . . . . Derelict Logs Recovered . | . . . . . . . . Drone Launches . | . . . . . . . . Drone Recoveries . | . . . . . . . . Exploration | -11 -10 -9 -8 -8 -7 -6 -5 ------------- Run | Yrd Mat Mat Mat Sto Fac Fac Fac Turns Passed 3394 | 116 458 496 55 275 446 686 862 Spaces Moved 2086 | 52 207 246 34 315 557 302 373 Core 165 | 2 . . . . . 49 114 Treads . | . . . . . . . . Legs 881 | 50 207 246 34 26 . 160 158 Wheels . | . . . . . . . . Hover 939 | . . . . 289 557 93 . Flight 101 | . . . . . . . 101 Fastest Speed 34 | 50 120 90 90 38 34 166 35 Average Speed 120 | 117 134 176 90 42 43 196 196 Slowest Speed 550 | 120 190 260 90 170 106 550 500 Overloaded Moves . | . . . . . . . . Propulsion Burnouts . | . . . . . . . . Robots Hopped 2 | . . . . . . . 2 Potential Cave-ins 3 | . . . . . . . 3 Cave-ins Triggered 1 | . . . . . . . 1 Exploration Rate (%) 20 | 5 36 28 7 50 18 10 12 Regions Visited 7 Branch Regions 1 Pre-discovered Areas 1 | . . . . . 1 . . Known Exits Taken . | . . . . . . . . Unknown Exits Taken 7 | 1 1 1 1 1 1 1 . Scrap Searched . | . . . . . . . . Spaces Dug 20 | . . 8 . . 11 1 . Terrain Destroyed 132 | . . 19 . . 11 1 101 Melee 12 | . . . . . 11 1 . Projectile . | . . . . . . . . AOE 120 | . . 19 . . . . 101 Terrain Rammed . | . . . . . . . . Walls Destroyed . | . . . . . . . . Machines Disabled . | . . . . . . . . Actions | -11 -10 -9 -8 -8 -7 -6 -5 --------- Run | Yrd Mat Mat Mat Sto Fac Fac Fac Total 2687 | 85 344 286 56 415 690 359 452 Wait 235 | 13 99 9 13 23 43 15 20 Move 2075 | 51 206 245 33 314 556 301 369 Hop 2 | . . . . . . . 2 Pick Up 30 | 3 5 3 2 8 4 2 3 Fast Attach 51 | 8 3 4 . 15 1 6 14 Attach 17 | . . 1 3 . 3 2 8 Detach 6 | 1 . . . 3 . 1 1 Swap 34 | . 4 5 2 7 11 3 2 Drop 43 | . 5 5 2 20 6 4 1 Fire 83 | 9 22 5 . 17 2 . 28 Melee 90 | . . 9 1 8 44 25 3 Ram . | . . . . . . . . Kick . | . . . . . . . . Crush . | . . . . . . . . Escape Stasis 21 | . . . . . 20 . 1 Rewire . | . . . . . . . . Trap . | . . . . . . . . Miscellaneous . | . . . . . . . . Route ------- -11/Scrapyard -10/Materials -9/Materials -8/Materials -8/Storage -7/Factory -6/Factory -5/Factory History --------- Turn | Location | Event 6 | -11/Scrapyard | Discovered new exit (range 16) 117 | -11/Scrapyard | Entered Materials 308 | -10/Materials | Build established: Mutant 568 | -10/Materials | Discovered new exit (range 6) 575 | -10/Materials | Entered another Materials area 575 | -9/Materials | Evolved 2 slots: Propulsion x1, Utility x1 979 | -9/Materials | Discovered new exit (range 3) 1071 | -9/Materials | Entered another Materials area 1071 | -8/Materials | Evolved 2 slots: Propulsion x1, Weapon x1 1097 | -8/Materials | Discovered new exit (range 16) 1126 | -8/Materials | Entered Storage 1372 | -8/Storage | Destroyed 7 combat bots 1386 | -8/Storage | Discovered new exit (range 16) 1401 | -8/Storage | Entered Factory 1401 | -7/Factory | Evolved 2 slots: Propulsion x1, Utility x1 1835 | -7/Factory | Discovered new exit (range 10) 1847 | -7/Factory | Entered another Factory area 1847 | -6/Factory | Evolved 2 slots: Power x1, Propulsion x1 1982 | -6/Factory | Build established: Gladiator 2424 | -6/Factory | Lost 4 parts (2p1n1w) 2436 | -6/Factory | Core integrity fell below 50% 2517 | -6/Factory | Discovered new exit (range 5) 2533 | -6/Factory | Entered another Factory area 2533 | -5/Factory | Evolved 2 slots: Utility x1, Weapon x1 2728 | -5/Factory | Build established: Mutant 3067 | -5/Factory | Lost 4 parts (2u2w) 3234 | -5/Factory | Lost 4 parts (1p2u1w) 3319 | -5/Factory | Lost 3 parts (1n1u1w) 3329 | -5/Factory | Crushed by falling debris 3342 | -5/Factory | Core integrity fell below 50% 3357 | -5/Factory | Core integrity fell below 20% 3388 | -5/Factory | Lost 9 parts (5n4w) 3395 | -5/Factory | System corruption reached 10% 3395 | -5/Factory | Destroyed by G-67 Veteran with Plasma Rifle Last Messages --------------- 03351_ Acquired Hvy. Particle Gun. 03351_ U-05 Engineer lays Concrete. 03353_ Penetrated by Slug. 03353_ U-05 Engineer lays Concrete. 03355_ P-70 Sage resets P-70 Sage, system corruption cleaned. 03355_ U-05 Engineer lays Concrete. 03356_ Hvy. Particle Gun destroyed. 03356_ Penetrated by Slug. 03357_ U-05 Engineer lays Concrete. 03357_ Cesium-ion Thruster destroyed. 03357_ U-05 Engineer lays Concrete. 03358_ The unstable cave ceiling collapses. 03358_ U-05 Engineer lays Concrete. 03362_ Slug penetrates Wall. 03364_ 5|GH3CA, FLZ>16HI FZJ,ULJN#Y= KVJICWP 03379_ U-05 Engineer builds a Wall. 03381_ System corrupted: Matter fused (-8). 03391_ Acquired Wave Gun. 03394_ U-05 Engineer lays Concrete. Map ----- +----------------------------------------------------+ | ?????????????????????????????????????????????????? | | ????????????????????????????????????????????????## | | ??????????????????????????????????????????????? | | ??????????????????????????????????????????????? | | ??????????????????????????????????????????????? | | ????????????????????????????????????? ???? | | ????????????????????????????????????# ??? | | ????????????????????????????????????# #??????? | | ????????????????????????????????????# #??????? | | ????????????????????????????????????# #??????? | | ????????????????????????????????????# #??????? | | ????????????????????????????????????# #??????? | | ????????????????????????????????????# #??????? | | ????????????????????????????????????# #??????? | | ????????????????????????????????????# #??????? | | ????????????????????????????????????# #??????? | | ?????????????????#################### #??????? | | ?????????????????# ## # #??????? | | ?????????????????# """" ## """" # #??????? | | ?????????????????# """" ## """" # #??????? | | ?????????????????# """" ## """" + #??????? | | ?????????????????# """" ## """" # #??????? | | ???????######????# """" ## "= # #??????? | | ???????# ###### """" ## %% # #??????? | | ???????# # + """"p ##! "[ ###????? | | ???????# ###### p g ]@## " #????? | | ???????# #######+#####; #"+ ## " ##???? | | ???????# + ^ t " #???? | | ???????# # ##### u ######## | | ???????# # #???# "" | | ???????# # #???# " l ######## | | ???????# # #???# "" [ # #????? | | ???????###### #???# ! " #????? | | ????????????# #???# u " #????? | | ????????????# #??###### ###### #### # #####??? | | ????????????# #??# T = # # #=[% #??? | | ????????????# #??# #??? | | ????????????# #??# Y ## ** #??? | | ????????????# #??# ]## ** #??? | | ????????????# #??#####+####### * #??? | | ????????????# #????# #??# # #??? | | ????????????# ###### #### ! #??? | | ????????????# #??? | | ????????????######## ######## #??? | | ???????????????????# #??????#! #??? | | ???????????????????#######??????# #??? | | ????????????????????????????????###############??? | | | | | | | +----------------------------------------------------+ Best States ------------- Heat Dissipation 67 Energy Generation 26 Energy Capacity 500 Matter Stores 300 Matter Capacity 300 Sight Range 23 Robot Scan Range 15 Terrain Scan Density 10 Armor Coverage 225 Propulsion Shielding 66 Melee Speed Boost 20 Evasion (%) 58 Targeting Accuracy 5 Item Schematics ----------------- None Robot Schematics ------------------ None Fabricated ------------ Nothing Repaired ---------- Nothing Alien Tech Used ----------------- None Achievements -------------- Oh No You Don't! Challenges ------------ None Game ------ Seed HeartNullDetonator Manual? 0 Play Time 00:39:41 Cumulative 101.4 hours Start 2025.07.26 @ 23:44:26 End 2025.07.27 @ 00:21:37 Sessions 3 Manual Loads 0 Difficulty Rogue Special Mode None Game No. 114 Rogue 114 Adventurer 0 Explorer 0 Win Type - Total 0 Types 0/0/0/0/0/0/0/0/0/0 Lore% 57 Gallery% 43 Achievement% 34 Wizard Run 0 Options --------- Layout 1 ASCII 0 Keyboard 0 Movement Numpad Keybinds 0 Fullscreen 2 Font 48/Smallcaps Map View 50x35 Zoom Use 0% Tactical HUD 1 Map Filters NONE Filters NONE Steam 0 RUN: dac797da-9167-45a7-a69c-b2cd28c0b2a5